 Dungeon Crawl Stone Soup version 0.28.0 (webtiles) character file.

Game seed: 16604268513641396122

55 Sanktem7 the Slasher (level 3, -3/34 HPs)
             Began as a Minotaur Berserker on Feb 8, 2022.
             Was a Believer of Trog.
             Slain by a gnoll (5 damage)
             ... on level 3 of the Dungeon.
             The game lasted 00:02:25 (1556 turns).

Sanktem7 the Slasher (Minotaur Berserker)           Turns: 1556, Time: 00:02:25

Health: -3/34      AC:  5    Str: 23    XL:     3   Next: 67%
Magic:  2/2        EV: 11    Int:  4    God:    Trog [**....]
Gold:   111        SH:  0    Dex:  9    Spells: 2/2 levels left

rFire   . . .      SeeInvis .   a - +0 falchion
rCold   . . .      Faith    .   (no shield)
rNeg    . . .      Spirit   .   f - +0 ring mail
rPois   .          Reflect  .   (helmet restricted)
rElec   .          Harm     .   (no cloak)
rCorr   .          Rampage  .   (no gloves)
Will    .....                   (no boots)
Stlth   ..........              (no amulet)
HPRegen 0.11/turn               (no ring)
MPRegen 0.08/turn               (no ring)

@: no status effects
A: horns 2, retaliatory headbutt
a: Renounce Religion, Berserk, Trog's Hand


You were on level 3 of the Dungeon.
You worshipped Trog.
Trog was pleased with you.
You visited 1 branch of the dungeon, and saw 3 of its levels.

You collected 111 gold pieces.

Inventory:

Hand Weapons
 a - a +0 falchion (weapon)
Armour
 b - a +0 animal skin
 f - a +0 ring mail (worn)
Jewellery
 e - a ring of protection from cold
Scrolls
 g - a scroll of teleportation {unknown}
Potions
 c - a potion of resistance {unknown}
 d - a potion of ambrosia {unknown}


   Skills:
 + Level 4.4 Fighting
 + Level 4.6 Long Blades
 + Level 2.8 Armour
 + Level 2.5 Dodging


You had 2 spell levels left.
You didn't know any spells.
Your spell library was empty.

Dungeon Overview and Level Annotations

Branches:
Dungeon (3/15)

Altars:

Shops:
D:3 !


Innate Abilities, Weirdness & Mutations

You have a pair of horns on your head.
You reflexively headbutt those who attack you in melee.


Message History

You slash the gnoll!
You kill the gnoll!
Trog accepts your kill.
You completely miss the ball python. The ball python barely misses you.
The ball python grabs you. The ball python constricts you.
The ball python closely misses you. The ball python constricts you.
You slash the ball python!
You kill the ball python!
Trog accepts your kill.
You hit the gnoll.
The gnoll is moderately wounded.
The gnoll hits you with a +2 whip of holy wrath.
You hit the gnoll.
The gnoll is heavily wounded.
The gnoll hits you but does no damage. x2
You barely miss the gnoll.
The gnoll is heavily wounded.
The gnoll hits you from afar with a +0 spear.
The gnoll closely misses you.
You completely miss the gnoll.
The gnoll is heavily wounded.
The gnoll hits you from afar with a +0 spear!
The gnoll hits you with a +2 whip of holy wrath.
* * * LOW HITPOINT WARNING * * *
The gnoll closely misses you.
You closely miss the gnoll. Your headbutt misses the gnoll.
The gnoll is heavily wounded.
The gnoll closely misses you. x2
The gnoll hits you with a +2 whip of holy wrath.
* * * LOW HITPOINT WARNING * * *
You closely miss the gnoll.
The gnoll is heavily wounded.
The gnoll hits you from afar with a +0 spear.
* * * LOW HITPOINT WARNING * * *
The gnoll barely misses you. You furiously retaliate!
You headbutt the gnoll. You barely miss the gnoll. You punch the gnoll.
You kill the gnoll!
Trog accepts your kill.
The gnoll hits you from afar with a +0 spear.
You die...

######
#....#
#.##@#
#.##)#
#####.##g#
#........#
#.###.#..#
#.#..#
#.#..#
#.#...
#.#....


You could see a gnoll.

Vanquished Creatures
  2 gnolls (D:3)
  3 dart slugs (D:1)
  6 endoplasms
  2 giant cockroaches (D:1)
  4 goblins (D:1)
  5 hobgoblins (D:1)
  2 jackals (D:1)
  7 ball pythons
  A bat (D:1)
  A frilled lizard (D:2)
  2 kobolds (D:1)
  2 rats
37 creatures vanquished.

Vanquished Creatures (others)
  A plant (D:1)
1 creature vanquished.

Grand Total: 38 creatures vanquished

Notes
Turn   | Place    | Note
-------+----------+-------------------------------------------
     0 | D:1      | Sanktem7 the Minotaur Berserker began the quest for the
                  | Orb.
     0 | D:1      | Reached XP level 1. HP: 19/19 MP: 0/0
    88 | D:1      | Reached XP level 2. HP: 13/27 MP: 1/1
   674 | D:1      | Reached XP level 3. HP: 33/33 MP: 2/2
   710 | D:1      | Found a faded altar of an unknown god.
   718 | D:1      | Reached ** piety under Trog
  1535 | D:3      | Found Ytenyro's Distillery.
  1556 | D:3      | Slain by a gnoll

Illustrated notes

Levels and vault maps discovered:
D:1:      lemuel_arrival_hallway, layout_rooms, serial_forest,
          infiniplex_forest_lined_2, infiniplex_forest_lined_room_,
          infiniplex_forest_split, infiniplex_forest_corner_1,
          infiniplex_forest_corner_1, infiniplex_forest_straight_5,
          infiniplex_forest_clump_double, infiniplex_forest_lined_3,
          ebering_ecumenical_altar_ruins
D:2:      layout_loops_cross
D:3:      layout_basic, nicolae_overflow_crystal_walls, general_overflow_altar,
          mainiacjoe_overflow_small_starburst, serial_shops, shop,
          minmay_misc_feat_doors

Skill      XL: |  1  2 |
---------------+-------+-----
Long Blades    | 4 |  4.6
Fighting       | 4 |  4.4
Armour         | |  2.8
Dodging        | |  2.5

Action                   || total
-------------------------++-------
Melee: Falchion          ||    71
       Headbutt          ||    13
       Punch             ||     2
 Stab: Sleeping          ||     1
Armor: Animal skin       ||     7
       Ring mail         ||    18
Dodge: Dodged            ||    56
